 Dungeon Crawl Stone Soup version 0.17-a0-1020-ge683cc4 (webtiles) character file.

1895 Herrn the Nimble (level 8, 39/39 HPs)
             Began as a Felid Transmuter on May 19, 2015.
             Was a High Priest of Cheibriados.
             Quit the game on level 9 of the Dungeon.
             The game lasted 00:52:11 (14594 turns).

Herrn the Nimble (Felid Transmuter)                Turns: 14594, Time: 00:52:12

Health: 39/39      AC:  2    Str: 18    XL:     8   Next: 93%
Magic:  12/12      EV: 33    Int: 30    God:    Cheibriados [*****.]
Gold:   415        SH:  0    Dex: 33    Spells: 4 memorised, 1 level left
                                        Lives:  0   Deaths: 3

rFire  . . .     SeeInvis +       - Unarmed
rCold  . . .     Clarity  .     (armour unavailable)
rNeg   . . .     SustAb   +     (shield unavailable)
rPois  .         Gourm    .     (helmet unavailable)
rElec  .         Spirit   .     (cloak unavailable)
rCorr  .         Warding  .     (gloves unavailable)
rMut   .         Stasis   .     (boots unavailable)
MR     ++...                    (no amulet)
Stlth  ++++......               f - ring of sustain abilities
                                g - ring of protection from magic

@: very slow, very resistant to hostile enchantments, stealthy
A: no armour, no weapons or thrown items, claws 1, fangs 3, horns 1, see
invisible, carnivore 3, speed 1, shaggy fur 2, slow metabolism 1, weak 1,
MP-powered wands, sharp paws
a: Bend Time, Temporal Distortion, Slouch, Step From Time, Renounce Religion


You were on level 9 of the Dungeon.
You worshipped Cheibriados.
Cheibriados was extremely pleased with you.
You were not hungry.

You visited 2 branches of the dungeon, and saw 10 of its levels.

You collected 415 gold pieces.

Inventory:

Missiles
 a - 262 arrows
 u - 12 arrows of frost
 z - 19 arrows of flame
Jewellery
 f - a ring of sustain abilities (right paw)
 g - a ring of protection from magic (left paw)
Magical devices
 e - a wand of magic darts (40)
 v - a wand of random effects (16)
Scrolls
 d - 6 scrolls of remove curse
 j - 3 scrolls of recharging
 m - 4 scrolls of teleportation
 p - a scroll of enchant armour
 q - a scroll of noise {unknown}
 s - a scroll of fear
 t - 2 scrolls of fog
 x - 3 scrolls of amnesia
 y - a scroll of acquirement {unknown}
Potions
 h - a potion of agility
 k - 6 potions of curing
 l - 2 potions of cancellation
 n - 3 potions of resistance
 o - a potion of brilliance
 r - a potion of might
 B - a potion of heal wounds
Books
 b - a book of Changes

   Spells                             Type                      Level
   a - Beastly Appendage              Transmutation                1
   b - Sticks to Snakes               Transmutation                2
   c - Spider Form                    Transmutation/Poison         3
   d - Ice Form                       Ice/Transmutation            4
   e - Blade Hands                    Transmutation                5
Comestibles
 c - 4 meat rations
 i - a royal jelly
 w - 4 beef jerkies
 A - 7 slices of pizza
 C - 5 chunks of flesh


   Skills:
 + Level 6.3 Fighting
 + Level 11.0 Dodging
 - Level 4.0 Stealth
 + Level 7.4 Unarmed Combat
 - Level 2.0 Spellcasting
 * Level 8.1 Transmutations
 * Level 6.4 Ice Magic


You had one spell level left.
You knew the following spells:

 Your Spells              Type           Power        Failure   Level  Hunger
a - Beastly Appendage     Trmt           ######       1%          1    None
b - Spider Form           Trmt/Pois      ####......   4%          3    ###....
c - Ice Form              Ice/Trmt       #####...     4%          4    ####...
d - Sticks to Snakes      Trmt           ######....   1%          2    ##.....


Dungeon Overview and Level Annotations

Branches:
Dungeon (9/15)             Temple (1/1) D:5            Lair (0/8) D:9
    Orc: D:9-12

Altars:
Ashenzari
Cheibriados
Dithmenos
Elyvilon
Fedhas
Gozag
Kikubaaqudgha
Makhleb
Nemelex Xobeh
Okawaru
Qazlal
Ru
Sif Muna
Trog
Vehumet
Xom
Yredelemnul
Zin
The Shining One

Annotations:
D:8 exclusion: statue


Innate Abilities, Weirdness & Mutations

You cannot wear armour.
You are incapable of wielding weapons or throwing items.
You have sharp claws.
You have razor-sharp teeth.
You have supernaturally acute eyesight.
You are carnivorous and can eat meat at any time.
You cover ground quickly.
You are covered in thick fur (AC +2).
You have a slow metabolism.
Your sharp claws are effective at attacking unaware monsters.
You have a pair of small horns on your head.
You are weak. (Str -2)
You expend magic power (3 MP) to strengthen your wands.


Message History

The bolt of electricity hits you!
The electric eel shoots out a bolt of lightning at you!
The bolt of electricity hits you!
* * * LOW HITPOINT WARNING * * *
The electric eel shoots out a bolt of lightning at you!
The bolt of electricity hits you!
You die...
Your shape twists and changes as you die.
You are now level 8!
You warm up again.
You rejoin the land of the living...
Unknown command.
Unknown command.
Search for what [? for help]? yes Can't find anything matching that.
Unknown command.
Unknown command.
Unknown command.
Unknown command.
Are you sure you want to abandon this character and quit the game? (Confirm with "yes".)

(.......### ##.####........#####
..†.......# #..##..##.....## #
≈.;..≈....# ##)..#####.....####
≈≈≈..≈....### ##[## #......##.
≈≈≈≈≈≈......#####.# ##.###....
.)≈≈≈.....#.......# ##..##....
≈..≈≈≈(...####....### #....#...#
..≈≈≈.≈≈..# ###....####........#
>..≈≈≈≈...####..@##....#.........
..≈≈≈≈.≈..##.....#####...........
.≈.≈≈≈≈......###.# ###.........
≈≈≈≈≈≈....#### #.## ##..####...
≈≈≈≈≈≈≈...# #..# #...# ##..
≈≈≈≈......# ##.#####...# ###
≈≈≈......# ##...##....## #
≈≈≈......# ##...........## ##
######### ###..###........####.


There were no monsters in sight!

Vanquished Creatures
  Erolcha (D:8)
  2 trolls (D:9)
  Prince Ribbit (D:9)
  A two-headed ogre (D:8)
  A human (D:7)
  6 yaks (D:9)
  A hog (D:7)
  A hungry ghost (D:8)
  3 wolves (D:9)
  A wasp (D:7)
  2 ice beasts
  An ogre (D:5)
  4 centaurs
  A big kobold (D:7)
  4 giant frogs
  5 scorpions
  8 wights
  2 electric eels (D:9)
  7 crimson imps
  2 centaur skeletons
  9 hounds
  Crazy Yiuf (D:7)
  2 jellies
  6 orc wizards
  Natasha (thrice) (D:2)
  2 iguanas
  2 giant frog skeletons
  7 worker ants
  3 sheep (D:7)
  A hound zombie (D:6)
  A hound skeleton (D:7)
  3 worker ant zombies
  16 adders
  2 shadow imps
  4 oozes
  An adder zombie (D:5)
  2 worms (D:2)
  3 giant geckos
  32 orcs
  3 ball pythons
  25 bats
  8 giant cockroaches
  14 goblins
  14 hobgoblins
  14 jackals
  A giant gecko skeleton (D:5)
  5 giant newts
  16 kobolds
  10 quokkas
  A quokka skeleton (D:5)
  A quokka zombie (D:7)
  20 rats
286 creatures vanquished.

Vanquished Creatures (others)
  An orc (D:9)
  A quokka (D:6)
  A bat (D:1)
3 creatures vanquished.

Grand Total: 289 creatures vanquished

Notes
Turn   | Place    | Note
--------------------------------------------------------------
     0 | D:1      | Herrn the Felid Transmuter began the quest for the Orb.
     0 | D:1      | Reached XP level 1. HP: 9/9 MP: 4/4
   257 | D:1      | Reached XP level 2. HP: 10/12 MP: 6/6
   899 | D:1      | Reached skill level 1 in Stealth
   899 | D:1      | Reached XP level 3. HP: 15/15 MP: 7/7
   928 | D:2      | Noticed Natasha
   940 | D:2      | Killed Natasha
  1175 | D:2      | Reached XP level 4. HP: 17/19 MP: 8/8
  1187 | D:2      | Found a bloodstained altar of Trog.
  1275 | D:2      | Learned a level 3 spell: Spider Form
  1314 | D:2      | Noticed Natasha
  1319 | D:2      | Killed Natasha
  1476 | D:2      | Noticed Natasha
  1493 | D:2      | Killed Natasha
  1509 | D:2      | Reached skill level 4 in Dodging
  2719 | D:3      | Reached XP level 5. HP: 20/22 MP: 9/9
  3387 | D:3      | Learned a level 4 spell: Ice Form
  3499 | D:3      | Found a sacrificial altar of Ru.
  3737 | D:4      | Reached skill level 5 in Dodging
  4076 | D:4      | Noticed an ogre
  4087 | D:4      | Gained mutation: You are covered in thick fur (AC +2). [Felid growth]
  4087 | D:4      | Reached XP level 6. HP: 18/26 MP: 10/10
  4465 | D:4      | Noticed an ice beast
  4483 | D:4      | Reached skill level 1 in Ice Magic
  5179 | D:4      | Killed an ice beast
  5497 | D:5      | Entered Level 5 of the Dungeon
  5709 | D:5      | Found a staircase to the Ecumenical Temple.
  5731 | D:5      | Reached XP level 7. HP: 22/31 MP: 11/11
  5846 | Temple   | Entered the Ecumenical Temple
  5867 | Temple   | Became a worshipper of Cheibriados the Contemplative
  6081 | D:5      | Gained mutation: You have a pair of small horns on your head. [potion of mutation]
  6081 | D:5      | Gained mutation: You are weak. (Str -2) [potion of mutation]
  6081 | D:5      | Gained mutation: You expend magic power (3 MP) to strengthen your wands. [potion of mutation]
  6288 | D:5      | Reached skill level 6 in Dodging
  6641 | D:5      | Shot with an arrow of frost by a centaur
  6642 | D:5      | Reached XP level 6. HP: -1/28 MP: 10/10
  7673 | D:6      | Acquired Cheibriados's first power
  7909 | D:6      | Reached XP level 7. HP: 26/31 MP: 11/11
  8059 | D:6      | Reached skill level 5 in Unarmed Combat
  8304 | D:6      | Found a white marble altar of Elyvilon.
  8889 | D:7      | Noticed a troll
  9080 | D:7      | Reached skill level 7 in Dodging
  9080 | D:7      | Reached XP level 8. HP: 32/36 MP: 12/12
  9158 | D:7      | Acquired Cheibriados's second power
  9211 | D:7      | Paralysed by a wasp for 1 turns
  9377 | D:7      | Learned a level 2 spell: Sticks to Snakes
  9455 | D:7      | Reached skill level 5 in Fighting
 10168 | D:7      | Noticed Crazy Yiuf
 10176 | D:7      | Killed Crazy Yiuf
 10399 | D:7      | Reached skill level 5 in Transmutations
 10424 | D:7      | Noticed a hog
 10424 | D:7      | Noticed a human
 10437 | D:7      | Killed a human
 10437 | D:7      | Reached skill level 8 in Dodging
 10441 | D:7      | Killed a hog
 10622 | D:7      | Acquired Cheibriados's third power
 11135 | D:8      | Reached XP level 9. HP: 40/40 MP: 13/13
 11195 | D:8      | Noticed a two-headed ogre
 11199 | D:8      | Killed a two-headed ogre
 11278 | D:8      | Noticed Erolcha
 11337 | D:8      | Killed Erolcha
 11337 | D:8      | Reached skill level 9 in Dodging
 11337 | D:8      | Reached skill level 5 in Ice Magic
 11382 | D:8      | Found a shimmering altar of Xom.
 11385 | D:8      | Found a shimmering altar of Xom.
 11385 | D:8      | Found a shimmering altar of Xom.
 11484 | D:8      | Noticed a guardian serpent
 11485 | D:8      | a guardian serpent changed into a shapeshifter
 11838 | D:8      | Found a bloodstained altar of Trog.
 11839 | D:8      | Found a glowing golden altar of the Shining One.
 11841 | D:8      | Found an opulent altar of Gozag.
 12056 | D:8      | Found a radiant altar of Vehumet.
 12150 | D:8      | Acquired Cheibriados's fourth power
 12204 | D:8      | Noticed an unseen horror
 12205 | D:8      | an unseen horror changed into a blink frog
 12209 | D:8      | Noticed an orb spider
 12209 | D:8      | a blink frog changed into an orb spider
 12287 | D:8      | Noticed a water nymph
 12332 | D:9      | Reached XP level 10. HP: 37/45 MP: 10/14
 12335 | D:9      | Reached skill level 10 in Dodging
 13136 | D:9      | Found a staircase to the Lair.
 13299 | D:9      | Killed from afar by an electric eel
 13300 | D:9      | Reached XP level 9. HP: -1/49 MP: 6/13
 13339 | D:9      | Noticed Prince Ribbit
 13354 | D:9      | Killed Prince Ribbit
 14542 | D:9      | Reached skill level 11 in Dodging
 14591 | D:9      | Killed from afar by an electric eel
 14592 | D:9      | Reached XP level 8. HP: -9/46 MP: 9/12
 14594 | D:9      | Quit the game

Vault maps used:
D:1:      shiori_arrival_oz, minmay_liquid_box
D:2:      serial_forest, infiniplex_forest_straight_2,
          infiniplex_forest_lined_3, infiniplex_forest_straight_2,
          infiniplex_forest_straight_3, infiniplex_forest_clump_curved,
          bloody_trog, uniq_natasha
D:3:      minmay_door_path, nicolae_ru_awakened_eye
D:5:      minmay_temple_entry_glass, first_bread
D:6:      elyvilon_altar_4
D:7:      minmay_item_behind_shaft, grunt_livestock, uniq_crazy_yiuf_cottage
D:8:      vehumet_statue, xom_shifter_show, minitemple, roderic_bali_sauvastika,
          uniq_erolcha
D:9:      erik_lair_island, uniq_prince_ribbit1
Temple:   water_room_temple_a_12

Action                   |  1- 3 |  4- 6 |  7- 9 | 10-12 || total
-------------------------+-------+-------+-------+-------++-------
Melee: Unarmed           |    84 |   324 |   415 |    64 ||   887
 Cast: Spider Form       |       |     2 |       |       ||     2
       Beastly Appendage |       |     6 |     3 |       ||     9
       Ice Form          |       |       |    11 |     5 ||    16
Evoke: Wand              |       |     2 |     4 |       ||     6
  Use: Potion            |     1 |     7 |     5 |       ||    13
       Scroll            |       |    12 |     4 |       ||    16
 Stab: Sleeping          |     3 |    10 |    18 |     2 ||    33
       Invisible         |       |     1 |       |       ||     1
       Distracted        |       |       |     1 |       ||     1
  Eat: Chunk             |     7 |    13 |    20 |     1 ||    41
